MLB
DETROIT TIGERS @ MONTREAL EXPOS
08/08/2045
 
TOP OF THE 1ST
Detroit Tigers batting - Pitching for Montreal Expos : LHP James Fisher
Pitching: LHP James Fisher
Batting: RHB Greg Harman 0-0: Called Strike
0-1: Ball
1-1: Ball
2-1: Called Strike
2-2: Fly out, F8 (Flyball, 8RM, EV 75.0 MPH)
Batting: LHB Per Meulengracht 0-0: Ball
1-0: Foul Ball, location: 2F
1-1: SINGLE (Flyball, 8LS, EV 88.1 MPH)
Batting: LHB Brad Turner 0-0: Called Strike
0-1: Called Strike
0-2: Grounds into double play, 4-6-3 (Groundball, 34, EV 87.5 MPH)
Top of the 1st over - 0 runs, 1 hit, 0 errors, 0 left on base; Detroit 0 - Montreal 0
BOTTOM OF THE 1ST
Montreal Expos batting - Pitching for Detroit Tigers : RHP Kevin Hockenbury
Pitching: RHP Kevin Hockenbury
Batting: SHB Bran Stark 0-0: Ground out 5-3 (Groundball, 5L, EV 85.6 MPH)
Batting: RHB Hugo Bautista 0-0: Ball
1-0: Ball
2-0: Foul Ball, location: 2F
2-1: Swinging Strike
2-2: DOUBLE (Line Drive, 9LM, EV 102.5 MPH)
Batting: RHB Mike Salmon 0-0: Ball
1-0: Called Strike
1-1: Swinging Strike
1-2: Strikes out swinging
Batting: LHB Austin Ohmer 0-0: Ball
1-0: Called Strike
1-1: Foul Ball, location: 2F
1-2: Ball
2-2: Foul Ball, location: 2F
2-2: Ball
3-2: Fly out, F9 (Flyball, 9, EV 90.6 MPH)
Bottom of the 1st over - 0 runs, 1 hit, 0 errors, 1 left on base; Detroit 0 - Montreal 0
TOP OF THE 2ND
Detroit Tigers batting - Pitching for Montreal Expos : LHP James Fisher
Batting: RHB Dave Reynolds 0-0: Swinging Strike
0-1: Ball
1-1: Foul Ball, location: 2F
1-2: Foul Ball, location: 2F
1-2: Strikes out swinging
Batting: LHB Morgan Black 0-0: Foul Ball, location: 2F
0-1: Ball
1-1: Ball
2-1: Foul Ball, location: 2F
2-2: Ground out 6-3 (Groundball, 4M, EV 101.9 MPH)
Batting: RHB Danny Eberhart 0-0: SINGLE (Groundball, 6MD, EV 104.4 MPH)
Batting: LHB Tyler Davis 0-0: Foul Ball, location: 2F
0-1: Foul Ball, location: 2F
0-2: Ball
1-2: Strikes out looking
Top of the 2nd over - 0 runs, 1 hit, 0 errors, 1 left on base; Detroit 0 - Montreal 0
BOTTOM OF THE 2ND
Montreal Expos batting - Pitching for Detroit Tigers : RHP Kevin Hockenbury
Batting: LHB Steve Anderson 0-0: Ground out 6-3 (Groundball, 56, EV 108.8 MPH)
Batting: LHB Jimmy Buscemi 0-0: Called Strike
0-1: Swinging Strike
0-2: Ball
1-2: Foul Ball, location: 2F
1-2: Strikes out swinging
Batting: RHB Eugênio Asceno 0-0: Ground out 3-1 (Groundball, 13, EV 81.9 MPH)
Bottom of the 2nd over - 0 runs, 0 hits, 0 errors, 0 left on base; Detroit 0 - Montreal 0
TOP OF THE 3RD
Detroit Tigers batting - Pitching for Montreal Expos : LHP James Fisher
Batting: RHB Brady Jeleniewski 0-0: Foul Ball, location: 2F
0-1: Ball
1-1: Fly out, F8 (Flyball, 8LS, EV 91.9 MPH)
Batting: RHB Dave Calder 0-0: Called Strike
0-1: Ball
1-1: Ball
2-1: Foul Ball, location: 2F
2-2: Foul Ball, location: 2F
2-2: Foul Ball, location: 2F
2-2: SINGLE (Groundball, 6S, EV 67.5 MPH) (infield hit)
Batting: RHB Greg Harman 0-0: Ball
1-0: Ball
2-0: Fly out, F9 (Line Drive, 9, EV 92.5 MPH)
Batting: LHB Per Meulengracht 0-0: Ball
1-0: Ball
2-0: Called Strike
2-1: Foul Ball, location: 2F
2-2: DOUBLE (Line Drive, 78M, EV 96.9 MPH)
Dave Calder to third
Runner from 3rd tries for Home, SAFE, no throw by LF
Batting: LHB Brad Turner 0-0: Ball
1-0: Ball
2-0: Foul Ball, location: 2F
2-1: Ball
3-1: Ground out 4-3 (Groundball, 4, EV 81.9 MPH)
Top of the 3rd over - 1 run, 2 hits, 0 errors, 1 left on base; Detroit 1 - Montreal 0
BOTTOM OF THE 3RD
Montreal Expos batting - Pitching for Detroit Tigers : RHP Kevin Hockenbury
Batting: SHB Pete Barutha 0-0: Foul Ball, location: 2F
0-1: Called Strike
0-2: Ground out U3 (Groundball, 3L, EV 83.8 MPH)
Batting: RHB Alberto Cotto 0-0: Ball
1-0: Ball
2-0: Ball
3-0: Swinging Strike
3-1: Base on Balls
Batting: SHB Bran Stark 0-0: Ball
1-0: Called Strike
1-1: Called Strike
1-2: Ball
2-2: SINGLE (Groundball, 56, EV 103.8 MPH) (infield hit)
Alberto Cotto to second
Batting: RHB Hugo Bautista 0-0: Ball
1-0: Called Strike
1-1: Foul Ball, location: 2F
1-2: Foul Ball, location: 2F
1-2: Fielders Choice at 2nd, 3-6 (Groundball, 34S, EV 83.8 MPH)
Alberto Cotto to third
Batting: RHB Mike Salmon 0-0: Ball
1-0: Fielders Choice at 2nd, 5-4 (Groundball, 5, EV 109.4 MPH)
Bottom of the 3rd over - 0 runs, 1 hit, 0 errors, 2 left on base; Detroit 1 - Montreal 0
TOP OF THE 4TH
Detroit Tigers batting - Pitching for Montreal Expos : LHP James Fisher
Batting: RHB Dave Reynolds 0-0: Ball
1-0: Swinging Strike
1-1: Fly out, F4 (Popup, 23, EV 80.6 MPH)
Batting: LHB Morgan Black 0-0: Called Strike
0-1: Ball
1-1: Ground out U3 (Groundball, 3S, EV 61.9 MPH)
Batting: RHB Danny Eberhart 0-0: Fly out, F3 (Popup, 3SF, EV 88.1 MPH)
Top of the 4th over - 0 runs, 0 hits, 0 errors, 0 left on base; Detroit 1 - Montreal 0
BOTTOM OF THE 4TH
Montreal Expos batting - Pitching for Detroit Tigers : RHP Kevin Hockenbury
Batting: LHB Austin Ohmer 0-0: Ball
1-0: Foul Ball, location: 2F
1-1: Fly out, F8 (Flyball, 8LD, EV 98.1 MPH)
Batting: LHB Steve Anderson 0-0: Ball
1-0: Ball
2-0: Ball
3-0: Called Strike
3-1: Foul Ball, location: 2F
3-2: Base on Balls
Batting: LHB Jimmy Buscemi 0-0: Foul Ball, location: 2F
0-1: DOUBLE (Groundball, 5L, EV 105.6 MPH)
Steve Anderson to third
Runner from 3rd tries for Home, SAFE, throw by LF to trailing runner, OUT at third! 7-3-5
Batting: RHB Eugênio Asceno 0-0: Foul Ball, location: 2F
0-1: Ground out 6-3 (Groundball, 6, EV 103.8 MPH)
Bottom of the 4th over - 1 run, 1 hit, 0 errors, 0 left on base; Detroit 1 - Montreal 1
TOP OF THE 5TH
Detroit Tigers batting - Pitching for Montreal Expos : LHP James Fisher
Batting: LHB Tyler Davis 0-0: Ball
1-0: Ball
2-0: Ball
3-0: Called Strike
3-1: DOUBLE (Flyball, 9LD, EV 94.4 MPH)
Batting: RHB Brady Jeleniewski 0-0: Ground out 4-3 (Groundball, 4, EV 80.6 MPH)
Tyler Davis to third
Batting: RHB Dave Calder 0-0: Called Strike
0-1: SINGLE (Flyball, 34D, EV 100.0 MPH)
Tyler Davis scores
Batting: RHB Greg Harman 0-0: Ball
1-0: Foul Ball, location: 2F
1-1: Foul Ball, location: 2F
1-2: Foul Ball, location: 2F
1-2: Ball
2-2: Grounds into double play, 6-4-3 (Groundball, 6, EV 88.1 MPH)
Top of the 5th over - 1 run, 2 hits, 0 errors, 0 left on base; Detroit 2 - Montreal 1
BOTTOM OF THE 5TH
Montreal Expos batting - Pitching for Detroit Tigers : RHP Kevin Hockenbury
Batting: SHB Pete Barutha 0-0: Called Strike
0-1: Ball
1-1: Called Strike
1-2: Ball
2-2: Ball
3-2: Ground out 5-3 (Groundball, 56, EV 89.4 MPH)
Batting: RHB Alberto Cotto 0-0: Ball
1-0: Called Strike
1-1: Ball
2-1: Ground out 5-3 (Groundball, 56, EV 81.9 MPH)
Batting: SHB Bran Stark 0-0: Called Strike
0-1: Foul Ball, location: 2F
0-2: Strikes out looking
Bottom of the 5th over - 0 runs, 0 hits, 0 errors, 0 left on base; Detroit 2 - Montreal 1
TOP OF THE 6TH
Detroit Tigers batting - Pitching for Montreal Expos : LHP James Fisher
Batting: LHB Per Meulengracht 0-0: Called Strike
0-1: Ball
1-1: Ground out 6-3 (Groundball, 6S, EV 83.1 MPH)
Batting: LHB Brad Turner 0-0: Ball
1-0: Ball
2-0: Called Strike
2-1: Swinging Strike
2-2: Foul Ball, location: 2F
2-2: Foul Ball, location: 2F
2-2: Ground out 5-3 (Groundball, 6, EV 84.4 MPH)
Batting: RHB Dave Reynolds 0-0: Called Strike
0-1: Ball
1-1: Ground out 6-3 (Groundball, 6, EV 100.6 MPH)
Top of the 6th over - 0 runs, 0 hits, 0 errors, 0 left on base; Detroit 2 - Montreal 1
BOTTOM OF THE 6TH
Montreal Expos batting - Pitching for Detroit Tigers : RHP Kevin Hockenbury
Batting: RHB Hugo Bautista 0-0: Ball
1-0: Fly out, F8 (Flyball, 8LM, EV 81.9 MPH)
Batting: RHB Mike Salmon 0-0: Called Strike
0-1: Swinging Strike
0-2: Ball
1-2: Foul Ball, location: 2F
1-2: Ball
2-2: Foul Ball, location: 2F
2-2: Foul Ball, location: 2F
2-2: Ball
3-2: Base on Balls
Batting: LHB Austin Ohmer 0-0: Ball
1-0: Fielders Choice at 2nd, 2-6 (Groundball, 13S, EV 68.1 MPH)
Batting: LHB Steve Anderson 0-0: Ball
Austin Ohmer steals 2nd, throwing error, E2
Austin Ohmer to third
1-0: Called Strike
1-1: Fly out, F8 (Flyball, 8LD, EV 83.1 MPH)
Bottom of the 6th over - 0 runs, 0 hits, 1 error, 1 left on base; Detroit 2 - Montreal 1
TOP OF THE 7TH
Detroit Tigers batting - Pitching for Montreal Expos : LHP James Fisher
Pitching: RHP Ben Sheets
Batting: LHB Morgan Black 0-0: Swinging Strike
0-1: Swinging Strike
0-2: Foul Ball, location: 2F
0-2: Strikes out swinging
Batting: RHB Danny Eberhart 0-0: Called Strike
0-1: Ball
1-1: Foul Ball, location: 2F
1-2: SINGLE (Groundball, 4M, EV 102.5 MPH) (infield hit)
Batting: LHB Tyler Davis 0-0: Ball
1-0: Ball
2-0: Foul Ball, location: 2F
2-1: Called Strike
2-2: Foul Ball, location: 2F
2-2: Strikes out swinging
Batting: RHB Brady Jeleniewski 0-0: Called Strike
0-1: Ball
1-1: Ball
Danny Eberhart steals 2nd base
2-1: Intentional Walk
Batting: RHB Dave Calder 0-0: Called Strike
0-1: Foul Ball, location: 2F
0-2: Ball
1-2: Ball
2-2: Foul Ball, location: 2F
2-2: Foul Ball, location: 2F
2-2: Strikes out swinging
Top of the 7th over - 0 runs, 1 hit, 0 errors, 2 left on base; Detroit 2 - Montreal 1
BOTTOM OF THE 7TH
Montreal Expos batting - Pitching for Detroit Tigers : RHP Kevin Hockenbury
Batting: LHB Jimmy Buscemi 0-0: SOLO HOME RUN (Flyball, 89XD, EV 111.2 MPH), Distance : 447 ft
Batting: RHB Eugênio Asceno 0-0: Ball
1-0: Foul Ball, location: 2F
1-1: Ball
2-1: SINGLE (Groundball, 6MD, EV 105.6 MPH)
Batting: SHB Pete Barutha 0-0: Called Strike
0-1: Ball
Eugênio Asceno steals 2nd base (no throw)
1-1: Intentional Walk
Batting: RHB Alberto Cotto 0-0: Ball
1-0: Called Strike
1-1: Foul Ball, location: 2F
1-2: Foul Ball, location: 2F
1-2: Ball
2-2: Foul Ball, location: 2F
2-2: Strikes out swinging
Batting: SHB Bran Stark 0-0: Fielders Choice at 2nd, 4-6 (Groundball, 4, EV 88.8 MPH)
Eugênio Asceno to third
Pitching: RHP Steve McGaughey
Batting: RHB Hugo Bautista 0-0: Ball
Bran Stark is caught stealing 2nd base 2-4
Bottom of the 7th over - 1 run, 2 hits, 0 errors, 1 left on base; Detroit 2 - Montreal 2
TOP OF THE 8TH
Detroit Tigers batting - Pitching for Montreal Expos : RHP Ben Sheets
Pitching: RHP Alec Murphy
Batting: RHB Greg Harman 0-0: Swinging Strike
0-1: Fly out, F8 (Flyball, 8RM, EV 89.4 MPH)
Batting: LHB Per Meulengracht 0-0: Fly out, F7 (Line Drive, 7S, EV 103.8 MPH)
Pitching: LHP Mike Jones
Batting: LHB Brad Turner 0-0: Ball
1-0: Ball
2-0: Ball
3-0: Base on Balls
Pitching: RHP Elliott Payne
Batting: RHB Dave Reynolds 0-0: Reached on error, E5 (Groundball, 56, EV 102.5 MPH)
Brad Turner to second
Batting: LHB Morgan Black 0-0: Called Strike
0-1: Ball
1-1: Ball
2-1: Called Strike
2-2: Foul Ball, location: 2F
2-2: Ball
3-2: Foul Ball, location: 2F
3-2: Base on Balls
Brad Turner to third
Dave Reynolds to second
Pinch Hitting: LHB Emmanuel Gaskin 0-0: Ball
1-0: Fly out, F7 (Flyball, 7LS, EV 90.0 MPH)
Top of the 8th over - 0 runs, 0 hits, 1 error, 3 left on base; Detroit 2 - Montreal 2
BOTTOM OF THE 8TH
Montreal Expos batting - Pitching for Detroit Tigers : RHP Steve McGaughey
Now at 3B: Ryan Neal
Batting: RHB Hugo Bautista 0-0: Swinging Strike
0-1: Ball
1-1: Fly out, F3 (Popup, 3S, EV 76.9 MPH)
Batting: RHB Mike Salmon 0-0: Ball
1-0: Called Strike
1-1: Ball
2-1: Ball
3-1: Base on Balls
Batting: LHB Austin Ohmer 0-0: Foul Ball, location: 2F
0-1: Foul Ball, location: 2F
0-2: Ball
1-2: Ball
2-2: Strikes out looking
Batting: LHB Steve Anderson 0-0: Ball
Wild Pitch!
Mike Salmon to second
1-0: Ball
2-0: Ball
3-0: Ground out 5-3 (Groundball, 5, EV 80.0 MPH)
Bottom of the 8th over - 0 runs, 0 hits, 0 errors, 1 left on base; Detroit 2 - Montreal 2
TOP OF THE 9TH
Detroit Tigers batting - Pitching for Montreal Expos : RHP Elliott Payne
Batting: LHB Tyler Davis 0-0: Foul Ball, location: 2F
0-1: Ball
1-1: Swinging Strike
1-2: Ball
2-2: Foul Ball, location: 2F
2-2: SOLO HOME RUN (Flyball, 89XD, EV 100.6 MPH), Distance : 408 ft
Batting: RHB Brady Jeleniewski 0-0: Ball
1-0: Ball
2-0: Called Strike
2-1: Swinging Strike
2-2: Ball
3-2: Foul Ball, location: 2F
3-2: Foul Ball, location: 2F
3-2: Foul Ball, location: 2F
3-2: Foul Ball, location: 2F
3-2: Foul Ball, location: 2F
3-2: Base on Balls
Batting: RHB Dave Calder 0-0: Sac Bunt to 15 - play at first, batter OUT! 1-4
Brady Jeleniewski to second
Batting: RHB Greg Harman 0-0: Ball
1-0: Ground out 1-3 (Groundball, 25, EV 67.5 MPH)
Batting: LHB Per Meulengracht 0-0: SINGLE (Groundball, 6D, EV 103.8 MPH)
Brady Jeleniewski to third
Runner from 3rd tries for Home, SAFE, throw by CF to home
Batting: LHB Brad Turner 0-0: Ball
1-0: Called Strike
Per Meulengracht steals 2nd base (no throw)
1-1: Intentional Walk
Batting: RHB Dave Reynolds 0-0: Ball
1-0: Ball
2-0: Called Strike
2-1: Ball
3-1: Called Strike
3-2: Foul Ball, location: 2F
3-2: Foul Ball, location: 2F
3-2: Fly out, F9 (Flyball, 9LM, EV 88.8 MPH)
Top of the 9th over - 2 runs, 2 hits, 0 errors, 2 left on base; Detroit 4 - Montreal 2
BOTTOM OF THE 9TH
Montreal Expos batting - Pitching for Detroit Tigers : RHP Steve McGaughey
Pitching: RHP Riso Profanter
Batting: LHB Jimmy Buscemi 0-0: Called Strike
0-1: Ball
1-1: Ball
2-1: Foul Ball, location: 2F
2-2: Strikes out swinging
Batting: RHB Eugênio Asceno 0-0: Ball
1-0: Called Strike
1-1: Ball
2-1: Ball
3-1: Called Strike
3-2: Foul Ball, location: 2F
3-2: Fly out, F3 (Popup, 34S, EV 81.2 MPH)
Batting: SHB Pete Barutha 0-0: Called Strike
0-1: Swinging Strike
0-2: Ball
1-2: Ball
2-2: Strikes out looking
Bottom of the 9th over - 0 runs, 0 hits, 0 errors, 0 left on base; Detroit 4 - Montreal 2
Wednesday, June 22nd , 2022 - OOTP Baseball 23.4 Build 64